 Dungeon Crawl Stone Soup version 0.24.0-13-gcf9b3192b9 (webtiles) character file.

Game seed: 12983208374086141682, levelgen mode: deterministic

394022 operand the Shatterer (level 23, -11/152 HPs)
             Began as a Gargoyle Gladiator on Nov 8, 2019.
             Was a High Priest of the Shining One.
             Killed from afar by a Hell Sentinel (34 damage)
             ... with damnation
             ... on level 4 of a ziggurat on Nov 9, 2019.
             The game lasted 04:23:44 (41185 turns).

operand the Shatterer (Gargoyle Gladiator)         Turns: 41185, Time: 04:23:44

Health: -11/152    AC: 49    Str: 29    XL:     23   Next: 16%
Magic:  32/32      EV: 21    Int:  7    God:    the Shining One [*****.]
Gold:   2669       SH:  0    Dex: 17    Spells: 22/22 levels left

rFire    + + +     SeeInvis .   Z - +7 great mace "Firestarter" {inner flame, rF++}
rCold    + + +     Gourm    .   (shield currently unavailable)
rNeg     + + +     Faith    .   V - +4 storm dragon scales {Bai Suzhen}
rPois    ∞         Spirit   .   O - +2 helmet of the Thistle {rC+}
rElec    +         Reflect  .   t - scarf {repulsion}
rCorr    +         Harm     .   H - +2 pair of gloves of the Planets {*Contam rF++ Int-3 Dex+3}
MR       +....                  c - +1 pair of boots
Stlth    ..........             D - amulet of regeneration
HPRegen  0.75/turn              p - +3 ring of evasion
MPRegen  0.23/turn              P - ring of protection from cold

@: mighty, resistant, flying, glowing, repel missiles
A: big wings, negative energy resistance 1, electricity resistance, unbreathing,
petrification resistance, rot immunity, AC +17
}: 2/15 runes: decaying, serpentine
a: Stop Flying, Divine Shield, Cleansing Flame, Summon Divine Warrior, Renounce
Religion


You were on level 4 of a ziggurat.
You worshipped the Shining One.
The Shining One was extremely pleased with you.
You were not hungry.

You visited 8 branches of the dungeon, and saw 37 of its levels.
You visited 1 ziggurat, and saw 4 of its levels.
You also visited: Ice Cave.

You collected 4140 gold pieces.
You spent 1471 gold pieces at shops.

Inventory:

Hand Weapons
 S - a +3 dire flail of electrocution
 Z - the +7 great mace "Firestarter" (weapon) {inner flame, rF++}
   (You bought it in a shop on level 4 of the Snake Pit)

   It has been specially enchanted to burn those struck by it, causing extra
   injury to most foes and up to half again as much damage against particularly
   susceptible opponents.
   It greatly protects you from fire.
Armour
 c - a +1 pair of boots (worn)
 t - a scarf of repulsion (worn)
 A - the +1 helmet of the Hare {rF- Regen+ MP+9}
   (You found it on level 5 of the Dungeon)

   It makes you vulnerable to fire.
   It affects your magic capacity (+9).
   It increases your rate of regeneration.
 H - the +2 pair of gloves of the Planets (worn) {*Contam rF++ Int-3 Dex+3}
   (You found it in an ice cave)

   It affects your intelligence (-3).
   It affects your dexterity (+3).
   It greatly protects you from fire.
   It causes magical contamination when unequipped.
 O - the +2 helmet of the Thistle (worn) {rC+}
   (You found it on level 3 of the Depths)

   It protects you from cold.
 V - +4 storm dragon scales (worn) {Bai Suzhen}
Jewellery
 m - an uncursed ring of resist corrosion
 p - a +3 ring of evasion (left hand)
 u - an uncursed ring of protection from magic
 D - an amulet of regeneration (around neck)
 I - an uncursed ring of protection from magic
 P - a ring of protection from cold (right hand)
 R - an uncursed ring of ice
 U - a +2 amulet of reflection
Wands
 b - a wand of acid (28)
 d - a wand of disintegration (12)
 h - a wand of digging (15)
 q - a wand of enslavement (19)
 y - a wand of iceblast (23)
 z - a wand of paralysis (39)
 E - a wand of flame (52)
 W - a wand of polymorph (13)
Scrolls
 a - 3 scrolls of summoning
 e - a scroll of blinking
 g - 6 scrolls of enchant weapon
 j - 2 scrolls of fear
 k - 5 scrolls of teleportation
 l - 10 scrolls of remove curse
 n - a scroll of brand weapon
 B - 4 scrolls of identify
 J - 4 scrolls of enchant armour
 M - 4 scrolls of amnesia
 N - 11 scrolls of magic mapping
 T - a scroll of acquirement
 X - 2 scrolls of holy word {unknown}
 Y - a scroll of fog
Potions
 i - 4 potions of brilliance
 o - 3 potions of resistance
 r - 3 potions of invisibility
 s - 6 potions of cancellation
 v - 6 potions of lignification
 w - a potion of berserk rage
 x - 4 potions of agility
 F - 3 potions of haste
 G - 3 potions of ambrosia
 K - a potion of might
 L - 2 potions of curing
 Q - a potion of heal wounds
Comestibles
 f - 54 rations
 C - 7 chunks of flesh


   Skills:
 + Level 18.1 Fighting
 * Level 21.1 Maces & Flails
 - Level 1.8 Throwing
 * Level 17.1 Armour
 * Level 13.8 Dodging
 + Level 13.0 Invocations
 * Level 8.3 Evocations


You had 22 spell levels left.
You didn't know any spells.
Your spell library contained the following spells:

 Spells                   Type           Power        Failure   Level  Hunger
 Apportation              Tloc           #.....       82%         1    ##.....
 Beastly Appendage        Tmut           #.....       82%         1    ##.....
 Confusing Touch          Hex            #.....       82%         1    ##.....
 Corona                   Hex            #......      82%         1    ##.....
 Freeze                   Ice            #...         82%         1    ##.....
 Magic Dart               Conj           #...         82%         1    ##.....
 Sandblast                Erth           #.....       82%         1    ##.....
 Sting                    Conj/Pois      #...         82%         1    ##.....
 Summon Butterflies       Summ           #.......     82%         1    ##.....
 Corpse Rot               Necr           N/A          91%         2    ###....
 Ensorcelled Hibernation  Hex/Ice        #.....       91%         2    ###....
 Passwall                 Tmut/Erth      #.......     91%         2    ###....
 Poisonous Vapours        Pois/Air       #.....       91%         2    ###....
 Searing Ray              Conj           #.....       91%         2    ###....
 Sticks to Snakes         Tmut           #.......     91%         2    ###....
 Throw Frost              Conj/Ice       #.....       91%         2    ###....
 Confuse                  Hex            #.......     99%         3    ####...
 Dazzling Spray           Conj/Hex       #.....       99%         3    ####...
 Gell's Gravitas          Tloc           #.........   99%         3    ####...
 Lesser Beckoning         Tloc           #.........   99%         3    ####...
 Mephitic Cloud           Conj/Pois/Air  #.......     99%         3    ####...
 Ozocubu's Armour         Chrm/Ice       #.......     99%         3    ####...
 Recall                   Summ/Tloc      N/A          99%         3    ####...
 Spider Form              Tmut/Pois      #.........   99%         3    ####...
 Stone Arrow              Conj/Erth      #.....       99%         3    ####...
 Tukima's Dance           Hex            #.......     99%         3    ####...
 Animate Dead             Necr           N/A          100%        4    #####..
 Force Lance              Conj/Tloc      #.......     100%        4    #####..
 Fulminant Prism          Conj/Hex       #.........   100%        4    #####..
 Ice Form                 Ice/Tmut       #.......     100%        4    #####..
 Iskenderun's Mystic Bla  Conj           #.......     100%        4    #####..
 Leda's Liquefaction      Hex/Erth       #.........   100%        4    #####..
 Olgreb's Toxic Radiance  Pois           #.......     100%        4    #####..
 Petrify                  Tmut/Erth      #.......     100%        4    #####..
 Summon Ice Beast         Ice/Summ       #.......     100%        4    #####..
 Throw Icicle             Conj/Ice       #.......     100%        4    #####..
 Alistair's Intoxication  Tmut/Pois      #.......     100%        5    ######.
 Blade Hands              Tmut           #.........   100%        5    ######.
 Borgnjor's Vile Clutch   Necr/Erth      #.........   100%        5    ######.
 Lee's Rapid Deconstruct  Erth           #.........   100%        5    ######.
 Metabolic Englaciation   Hex/Ice        #.........   100%        5    ######.
 Summon Forest            Summ/Tloc      #.........   100%        5    ######.
 Venom Bolt               Conj/Pois      #.........   100%        5    ######.
 Yara's Violent Unravell  Hex/Tmut       #.........   100%        5    ######.
 Bolt of Cold             Conj/Ice       #.........   100%        6    #######
 Death Channel            Necr           #.........   100%        6    #######
 Freezing Cloud           Conj/Ice/Air   #.........   100%        6    #######
 Hydra Form               Tmut           #.........   100%        6    #######
 Invisibility             Hex            #.......     100%        6    #######
 Ozocubu's Refrigeration  Ice            #.........   100%        6    #######
 Poison Arrow             Conj/Pois      #.........   100%        6    #######
 Simulacrum               Ice/Necr       #.........   100%        6    #######
 Summon Hydra             Summ           #.........   100%        7    #######
 Chain Lightning          Conj/Air       #.........   100%        8    #######
 Lehudib's Crystal Spear  Conj/Erth      #.........   100%        8    #######
 Fire Storm               Conj/Fire      #.........   100%        9    #######
 Glaciate                 Conj/Ice       #.........   100%        9    #######
 Shatter                  Erth           #.........   100%        9    #######


Dungeon Overview and Level Annotations

Branches:
Dungeon (15/15)            Temple (1/1) D:7            Lair (6/6) D:10
  Swamp (4/4) Lair:2        Snake (4/4) Lair:3        Slime (0/5) Lair:5
    Orc (2/2) D:12            Elf (1/3) Orc:2        Vaults (0/5) D:14
 Depths (4/5) D:15          IceCv (visited)

Altars:
Ashenzari
Cheibriados
Dithmenos
Elyvilon
Fedhas
Gozag
Hepliaklqana
Kikubaaqudgha
Makhleb
Nemelex Xobeh
Okawaru
Ru
Sif Muna
Trog
Uskayaw
Xom
Zin
The Shining One
Jiyva

Shops:
D:14 }   Orc:2 %!(:   Snake:4 }%}(   Depths:1 *   Depths:2 }

Portals:
Hell: Depths:1 Depths:2 Depths:3 Depths:4
Pandemonium: Orc:2 Depths:3
Trove: D:12 (give 7 potions of agility)

Annotations:
Lair:6 exclusion: oklob plant
Snake:4 Roxanne
Elf:1 Louise
Depths:2 2 transporters, exclusion: obsidian statue


Innate Abilities, Weirdness & Mutations

You are resistant to torment.
Your stone body is resilient. (AC +17)
You are immune to poison.
Your large and strong wings let you fly indefinitely.
You resist negative energy. (rN+)
You are resistant to electric shocks. (rElec)
You can survive without breathing.
You are immune to petrification.
You are immune to rotting.


Message History

The Hell Sentinel is almost dead.
The Hell Sentinel closely misses you.
The Hell Sentinel hits you but does no damage.
You hit the Hell Sentinel but do no damage.
The Hell Sentinel is almost dead.
You hit the Hell Sentinel but do no damage.
The Hell Sentinel is almost dead.
The Hell Sentinel barely misses you.
The Hell Sentinel hits you but does no damage.
You sock the Hell Sentinel!
The Hell Sentinel is almost dead.
The Hell Sentinel gestures at you.
The sphere of damnation explodes!
The damnation engulfs you!!!
* * * LOW HITPOINT WARNING * * *
The damnation engulfs the Hell Sentinel.
The Hell Sentinel completely resists.
You feel better. The Hell Sentinel gestures at you.
The sphere of damnation explodes!
The damnation engulfs you!!
You die...

▓▓▓▓▓▓▓▓▓
▓▓.......▓▓
▓:...§.☼..▓▓
∩?.....○...▓▓
>[...○1@..∩.▓
∩?...○§○...▓▓
▓....○☼☼..▓▓
▓▓.......▓▓
▓▓▓▓▓▓▓▓▓


You could see a Hell Sentinel (inner flame).

Vanquished Creatures
  An ancient lich (Depths:3)
  Sojobo (Depths:3)
  Bai Suzhen (Swamp:3)
  A pandemonium lord (Zig:4)
  An iron giant (Zig:2)
  2 liches (Depths:3)
  Asterion (Snake:4)
  An Executioner (Zig:4)
  A sphinx (Depths:2)
  A thorn hunter (Swamp:4)
  3 tengu reavers
  7 nagarajas
  Donald (Orc:1)
  A frost giant (Depths:4)
  2 fire giants (Depths:4)
  A deep elf sorcerer (Depths:3)
  A balrug (Depths:3)
  A curse skull (Depths:3)
  3 draconian annihilators (Depths:3)
  A war gargoyle (Zig:2)
  A juggernaut skeleton (Depths:1)
  5 vampire knights
  9 stone giants
  9 very ugly things
  2 deep elf demonologists (Depths:3)
  5 spark wasps
  Azrael (D:15)
  A deep elf annihilator (Depths:3)
  Snorg (Lair:4)
  A green death (Zig:3)
  2 ettins
  4 ogre magi
  2 jiangshi
  4 yaktaur captains
  6 fire dragons
  4 great orbs of eyes
  Josephine (Lair:5)
  2 rakshasas
  An ice dragon (Depths:2)
  Fannar (Lair:3)
  12 anacondas
  2 ghost crabs
  26 hydras
  A vault guard (D:14)
  3 shambling mangroves
  A hell beast (Zig:4)
  Erica (D:11)
  2 spriggan air magi (Depths:3)
  17 naga warriors
  A catoblepas (Lair:3)
  A dancing weapon (Elf:1)
  18 alligators
  3 tengu warriors (Depths:2)
  7 centaur warriors
  14 two-headed ogres
  5 deep troll shamans
  6 death yaks
  A death scarab (Zig:1)
  7 shock serpents
  5 deep troll earth magi
  2 vampire magi (Depths:1)
  4 orc high priests (Orc:2)
  A spriggan berserker (Swamp:3)
  21 naga sharpshooters
  A deep elf knight (Elf:1)
  Sonja (Lair:1)
  2 sun demons (Depths:3)
  2 unseen horrors
  5 soul eaters (Depths:3)
  4 skeletal warriors (D:14)
  3 spriggan druids
  3 salamander mystics
  2 iron trolls
  A storm dragon skeleton (Depths:1)
  A glowing orange brain (Depths:4)
  9 naga ritualists
  11 deep trolls
  12 swamp dragons
  A wizard (D:14)
  An infernal demonspawn (Orc:2)
  A lindwurm (Lair:6)
  2 deep elf archers (Elf:1)
  An iron dragon zombie (Depths:1)
  4 necromancers
  A wolf spider zombie (D:14)
  9 deep elf magi
  2 orc sorcerers
  7 mana vipers
  5 orc knights
  12 salamanders
  A salamander (shapeshifter) (D:14)
  2 manticores
  An oklob plant (Swamp:2)
  Maurice (Orc:2)
  5 cyclopes
  42 ugly things
  7 guardian serpents
  11 elephants
  2 ice statues (IceCv)
  40 black mambas
  5 centaur zombies
  21 naga magi
  3 molten gargoyles (Lair:6)
  A guardian serpent (shapeshifter) (Depths:2)
  A gargoyle (D:15)
  A smoke demon (Orc:2)
  6 centaur skeletons
  4 kobold demonologists
  20 spiny frogs
  3 rime drakes
  12 yaktaurs
  A yaktaur (shapeshifter) (Depths:3)
  A yaktaur skeleton (Depths:1)
  10 komodo dragons
  7 ice devils
  A tengu conjurer (Depths:2)
  4 trolls
  A queen bee (shapeshifter) (Depths:2)
  2 red devils (Orc:2)
  A polar bear (shapeshifter) (D:14)
  A silent spectre (Depths:3)
  A meliai (D:14)
  20 hornets
  A wolf spider simulacrum (D:15)
  7 tyrant leeches
  15 slime creatures
  A wind drake (shapeshifter) (D:14)
  2 frost giant simulacra (Depths:1)
  19 blink frogs
  A snapping turtle (shapeshifter) (Depths:2)
  A slime creature (shapeshifter) (Depths:1)
  10 hippogriffs
  15 bog bodies
  9 dream sheep
  A meliai zombie (D:13)
  A deep troll skeleton (Depths:1)
  11 water elementals
  Sigmund (D:5)
  4 shadows
  8 spriggans
  A spriggan skeleton (Depths:1)
  An ushabti (Zig:1)
  A basilisk (shapeshifter) (Elf:1)
  A human (Depths:3)
  33 yaks
  6 wraiths
  6 wyverns
  7 fire elementals
  8 fire bats
  4 steam dragons
  A yaktaur simulacrum (Depths:1)
  3 hungry ghosts
  19 vampire mosquitoes
  11 basilisks
  14 swamp worms
  7 wargs
  Menkaure (D:7)
  7 insubstantial wisps
  Duvessa (D:7)
  47 nagas
  29 water moccasins
  7 hell hounds
  6 porcupines
  An eye of draining (D:11)
  11 ice beasts
  3 sky beasts
  13 swamp drakes
  An eye of draining (shapeshifter) (Depths:2)
  30 orc warriors
  A hornet zombie (D:14)
  A black bear (D:6)
  10 wolves (Lair:2)
  23 ogres
  16 boggarts
  10 centaurs
  9 crocodiles
  5 big kobolds
  16 bullfrogs
  An earth elemental (Elf:1)
  A gnoll sergeant (D:9)
  Dowan (D:7)
  6 scorpions
  7 killer bees
  11 wights
  3 howler monkeys
  7 lava snakes
  3 crimson imps
  A quasit (D:11)
  9 hounds
  17 orc wizards
  25 orc priests
  5 jellies
  3 bullfrog skeletons
  4 iguanas (D:12)
  2 hell rats (D:12)
  16 worker ants
  A killer bee zombie (D:5)
  A mummy (Zig:1)
  2 hound skeletons
  A howler monkey skeleton (D:7)
  7 gnolls
  14 adders
  4 river rats (D:12)
  5 shadow imps
  6 white imps (IceCv)
  6 ufetubi
  4 oozes
  2 adder zombies
  An adder skeleton (D:4)
  4 worms
  5 dart slugs
  10 leopard geckos
  101 orcs
  4 giant cockroaches
  4 goblins
  10 hobgoblins
  28 jackals
  A quokka (D:3)
  15 ball pythons
  A bat (D:2)
  5 frilled lizards
  A giant cockroach zombie (D:5)
  A jackal skeleton (D:4)
  20 kobolds
  A quokka skeleton (D:4)
  9 rats
  2 briar patches (Swamp:4)
  A fire vortex (D:11)
1474 creatures vanquished.

Vanquished Creatures (collateral kills)
  A very ugly thing (Swamp:4)
  A hydra (Swamp:4)
  4 orc high priests (Orc:2)
  A spriggan druid (Swamp:2)
  A torturous demonspawn (Orc:2)
  A swamp dragon (Swamp:2)
  An orc knight (Orc:2)
  3 orc sorcerers (Orc:2)
  2 ugly things (Swamp:4)
  A spiny frog (Swamp:2)
  An ice devil (Orc:2)
  A tyrant leech (Swamp:2)
  A hornet (Swamp:2)
  A spriggan (Swamp:2)
  An orc warrior (Orc:2)
  A briar patch (Swamp:4)
22 creatures vanquished.

Vanquished Creatures (others)
  A spriggan druid (Swamp:3)
  A swamp dragon (Swamp:4)
  An orc sorcerer (Depths:3)
  A slime creature (Swamp:3)
  An ogre (Depths:4)
  A human (D:3)
  An orc wizard (D:14)
  An adder (Snake:1)
  3 white imps (IceCv)
  8 ufetubi (IceCv)
  3 bushes (Lair:4)
  2 fire vortices (D:11)
  3 fungi
  4 plants
31 creatures vanquished.

Grand Total: 1527 creatures vanquished

Notes
Turn   | Place    | Note
-------+----------+-------------------------------------------
     0 | D:1      | operand the Gargoyle Gladiator began the quest for the Orb.
     0 | D:1      | Reached XP level 1. HP: 12/12 MP: 1/1
    46 | D:1      | Reached XP level 2. HP: 15/17 MP: 2/2
   750 | D:1      | Reached XP level 3. HP: 22/22 MP: 3/3
  1723 | D:2      | Reached XP level 4. HP: 27/27 MP: 4/4
  1888 | D:3      | Reached skill level 1 in Armour
  1896 | D:3      | Reached skill level 4 in Maces & Flails
  1941 | D:3      | Reached XP level 5. HP: 28/31 MP: 5/5
  2331 | D:3      | Found an ancient bone altar of Kikubaaqudgha.
  2331 | D:3      | Noticed a human
  2335 | D:3      | Killed a human
  2848 | D:4      | Reached XP level 6. HP: 25/37 MP: 6/6
  3277 | D:4      | Reached skill level 5 in Maces & Flails
  3744 | D:5      | Entered Level 5 of the Dungeon
  3756 | D:5      | Reached XP level 7. HP: 30/41 MP: 7/7
  3993 | D:5      | Reached skill level 6 in Maces & Flails
  4255 | D:5      | Got a smoking helmet
  4266 | D:5      | Identified the +1 helmet of the Hare {rF- Regen+ MP+9} (You
                  | found it on level 5 of the Dungeon)
  4330 | D:5      | Noticed Sigmund
  4402 | D:5      | Killed Sigmund
  4402 | D:5      | Reached XP level 8. HP: 19/48 MP: 8/8
  4441 | D:5      | Noticed a two-headed ogre
  4574 | D:6      | Found a hazy altar of Hepliaklqana.
  4833 | D:6      | Reached skill level 7 in Maces & Flails
  5220 | D:7      | Reached skill level 5 in Armour
  5367 | D:7      | Noticed Duvessa
  5389 | D:7      | Killed Duvessa
  5390 | D:7      | Noticed Dowan
  5405 | D:7      | Killed Dowan
  5453 | D:7      | Reached skill level 5 in Dodging
  5458 | D:7      | Reached XP level 9. HP: 50/53 MP: 9/9
  5541 | D:7      | Reached skill level 5 in Fighting
  5541 | D:7      | Reached skill level 8 in Maces & Flails
  5756 | D:7      | Noticed Menkaure
  5763 | D:7      | Killed Menkaure
  5809 | D:7      | Found a staircase to the Ecumenical Temple.
  5852 | Temple   | Entered the Ecumenical Temple
  5895 | Temple   | Became a worshipper of the Shining One
  6391 | D:7      | Found a burning altar of Makhleb.
  6409 | D:7      | Found a runed translucent door.
  6409 | D:7      | Found a runed translucent door.
  6515 | D:7      | Reached skill level 9 in Maces & Flails
  6532 | D:7      | Noticed a purple ugly thing
  6560 | D:7      | Killed a purple ugly thing
  6642 | D:7      | Noticed a four-headed hydra
  6777 | D:8      | Reached XP level 10. HP: 43/61 MP: 10/10
  6805 | D:8      | Noticed a cyclops
  6839 | D:8      | Killed a cyclops
  6840 | D:8      | Reached skill level 10 in Maces & Flails
  7066 | D:8      | Noticed a two-headed ogre
  7066 | D:8      | Reached * piety under the Shining One
  7249 | D:9      | Noticed a two-headed ogre
  7268 | D:10     | Entered Level 10 of the Dungeon
  7543 | D:10     | Found a staircase to the Lair.
  7702 | D:10     | Found a sparkling altar of Nemelex Xobeh.
  7864 | D:10     | Reached skill level 11 in Maces & Flails
  8155 | D:9      | Reached XP level 11. HP: 68/68 MP: 11/11
  8635 | D:9      | Found an ancient bone altar of Kikubaaqudgha.
  8784 | D:8      | Reached ** piety under the Shining One
  8808 | D:8      | Reached skill level 1 in Invocations
  9257 | Lair:1   | Entered Level 1 of the Lair of Beasts
  9948 | Lair:1   | Noticed Sonja
 10163 | Lair:1   | Killed Sonja
 10487 | Lair:2   | Reached skill level 12 in Maces & Flails
 10851 | Lair:3   | Reached XP level 12. HP: 57/75 MP: 15/15
 11219 | Lair:2   | Found a staircase to the Swamp.
 11677 | Lair:3   | Noticed a death yak
 11677 | Lair:3   | Noticed a death yak
 11678 | Lair:3   | Noticed a death yak
 11694 | Lair:2   | Killed a death yak
 11734 | Lair:3   | Noticed a death yak
 11734 | Lair:3   | Noticed a death yak
 11757 | Lair:2   | Killed a death yak
 11767 | Lair:2   | Killed a death yak
 11767 | Lair:2   | Reached skill level 5 in Invocations
 11901 | Lair:2   | Killed a death yak
 11938 | Lair:2   | Killed a death yak
 11987 | Lair:3   | Found a staircase to the Snake Pit.
 11998 | Lair:3   | Reached skill level 13 in Maces & Flails
 12243 | Lair:3   | Noticed Fannar
 12266 | Lair:3   | Killed Fannar
 12630 | Lair:3   | Noticed a catoblepas
 12701 | Lair:4   | Reached *** piety under the Shining One
 12754 | Lair:4   | Reached XP level 13. HP: 74/82 MP: 17/17
 12835 | Lair:4   | Reached skill level 10 in Fighting
 12871 | Lair:4   | Noticed Snorg
 13026 | Lair:5   | Found a staircase to the Slime Pits.
 13027 | Lair:5   | Found a viscous altar of Jiyva.
 13194 | Lair:5   | Found a frozen archway.
 13214 | Lair:5   | Found a gate leading to a gauntlet.
 13220 | IceCv    | Entered an ice cave
 13243 | IceCv    | Reached **** piety under the Shining One
 13616 | IceCv    | Got a pair of spiked gloves
 13627 | IceCv    | Identified the +2 pair of gloves of the Planets {*Contam
                  | rF++ Int-3 Dex+3} (You found it in an ice cave)
 13773 | IceCv    | Reached skill level 14 in Maces & Flails
 13782 | IceCv    | Noticed a reaper
 13782 | IceCv    | Reached ***** piety under the Shining One
 13807 | IceCv    | HP: 3/83 [reaper/+2 scythe of freezing (35)]
 13807 | IceCv    | HP: 1/83 [reaper/+2 scythe of freezing (2)]
 13813 | IceCv    | Found the +8 demon blade "Bloodbane" {slice, *Rage +Rage
                  | Stlth-}
 14045 | Lair:4   | Reached skill level 10 in Armour
 14081 | Lair:4   | Killed Snorg
 15226 | Lair:5   | Noticed Josephine
 15246 | Lair:5   | Killed Josephine
 15372 | Lair:6   | Entered Level 6 of the Lair of Beasts
 15469 | Lair:6   | Gained mutation: Your large and strong wings let you fly
                  | indefinitely. [Gargoyle growth]
 15469 | Lair:6   | Reached XP level 14. HP: 65/88 MP: 19/19
 15599 | Lair:6   | Identified the Grimoire of the Mountains
 15783 | Lair:6   | Found a large runed translucent door.
 15783 | Lair:6   | Found a large runed translucent door.
 16060 | Lair:6   | Reached skill level 15 in Maces & Flails
 16559 | Swamp:1  | Entered Level 1 of the Swamp
 17535 | Swamp:1  | Reached ****** piety under the Shining One
 17970 | Swamp:2  | Reached XP level 15. HP: 75/97 MP: 22/22
 18065 | Swamp:2  | Reached skill level 10 in Dodging
 18243 | Swamp:2  | Found a transporter.
 18367 | Swamp:2  | Identified the ring of Odefiss {rPois rF- Str+3 Int+5}
 18589 | Swamp:2  | Reached XP level 16. HP: 103/103 MP: 23/23
 18770 | Swamp:2  | Found a transporter.
 19075 | Swamp:3  | Reached skill level 10 in Invocations
 19511 | Swamp:2  | Reached skill level 16 in Maces & Flails
 19589 | Swamp:3  | Noticed Bai Suzhen
 19819 | Swamp:3  | Killed Bai Suzhen
 19873 | Swamp:4  | Entered Level 4 of the Swamp
 20442 | Swamp:4  | Reached XP level 17. HP: 110/110 MP: 25/25
 21537 | Swamp:4  | Got a decaying rune of Zot
 21842 | Snake:1  | Entered Level 1 of the Snake Pit
 21934 | Snake:1  | You are sucked into a shaft and drop 1 floor!
 22229 | Snake:2  | Found a runed translucent gate.
 22229 | Snake:2  | Found a runed translucent gate.
 22229 | Snake:2  | Found a runed translucent gate.
 23366 | Snake:2  | Reached skill level 15 in Fighting
 23366 | Snake:2  | Reached XP level 18. HP: 88/119 MP: 27/27
 23587 | Snake:1  | Reached skill level 17 in Maces & Flails
 24506 | Snake:3  | Reached skill level 1 in Evocations
 25160 | Snake:4  | Entered Level 4 of the Snake Pit
 25160 | Snake:4  | Noticed Asterion
 25728 | D:11     | Noticed Erica
 25744 | D:11     | Killed Erica
 26556 | D:12     | Found a portal to a secret trove of treasure.
 27373 | D:12     | Found a staircase to the Orcish Mines.
 27538 | Orc:1    | Entered Level 1 of the Orcish Mines
 27774 | Orc:2    | Entered Level 2 of the Orcish Mines
 27812 | Orc:2    | Noticed Maurice
 27824 | Orc:2    | Killed Maurice
 27888 | Orc:2    | Noticed Donald
 28087 | Orc:1    | Killed Donald
 28453 | Orc:2    | Found Exam's Distillery.
 28467 | Orc:2    | Found Uchaofo's Food Shoppe.
 28618 | Orc:2    | Bought a potion of might for 40 gold pieces
 28618 | Orc:2    | Bought a potion of haste for 100 gold pieces
 28618 | Orc:2    | Bought a potion of heal wounds for 50 gold pieces
 28725 | Orc:2    | Found Liewiph's Antique Weapon Boutique.
 28725 | Orc:2    | Found Najer's Book Shop.
 28728 | Orc:2    | Found a one-way gate leading to the halls of Pandemonium.
 28732 | Orc:2    | Reached XP level 19. HP: 125/125 MP: 24/28
 29088 | Orc:2    | Found a bloodstained altar of Trog.
 29148 | Orc:2    | Found a staircase to the Elven Halls.
 29867 | Elf:1    | Entered Level 1 of the Elven Halls
 30311 | Elf:1    | Noticed Louise
 30996 | Snake:4  | Noticed Roxanne
 31124 | Snake:4  | Identified the +2 large shield of Shielding {*Drain rC++
                  | rN+ Str+9}
 31141 | Snake:4  | Killed Asterion
 31268 | Snake:4  | Found Ithricead's Weapon Shoppe.
 31268 | Snake:4  | Found Kuipase's Gadget Emporium.
 31269 | Snake:4  | Found Coecham's Gadget Shoppe.
 31271 | Snake:4  | Found Xasoxe's Food Emporium.
 31287 | Snake:4  | Bought the +7 great mace "Firestarter" {inner flame, rF++}
                  | for 1281 gold pieces
 31287 | Snake:4  | Found the +7 great mace "Firestarter" {inner flame, rF++}
 31478 | Snake:4  | Reached skill level 18 in Maces & Flails
 31491 | Snake:4  | Was placed under penance by the Shining One
 31815 | Snake:4  | Reached skill level 5 in Evocations
 32456 | Snake:4  | Got a serpentine rune of Zot
 32990 | D:13     | Got a dazzling leather armour
 33536 | D:14     | Reached skill level 15 in Armour
 33971 | D:14     | Found Puushrach's Gadget Emporium.
 34256 | D:14     | Found a gate to the Vaults.
 34344 | D:15     | Entered Level 15 of the Dungeon
 34345 | D:15     | Noticed Azrael
 34381 | D:15     | Killed Azrael
 34381 | D:15     | Reached XP level 20. HP: 62/132 MP: 29/29
 34714 | D:15     | Found a staircase to the Depths.
 34818 | D:15     | Reached skill level 19 in Maces & Flails
 35327 | Depths:1 | Entered Level 1 of the Depths
 36025 | Depths:1 | Found a gateway to Hell.
 36120 | Depths:1 | Found Poicru Mike's Demolitions Depot.
 37094 | Depths:2 | Paralysed by a floating eye for 3 turns
 37309 | Depths:2 | Was forgiven by the Shining One
 37356 | Depths:2 | Found a transporter.
 37388 | Depths:2 | Identified a scroll of acquirement
 37391 | Depths:2 | Noticed a lich
 37401 | Depths:2 | Found a transporter.
 37491 | Depths:2 | Reached skill level 20 in Maces & Flails
 37657 | Depths:2 | Found Raimerra's Gadget Shoppe.
 38006 | Depths:3 | Noticed Sojobo
 38016 | Depths:2 | HP: 4/134 [spark wasp (5)]
 38227 | Depths:3 | Reached XP level 21. HP: 62/139 MP: 30/30
 38906 | Depths:3 | Killed Sojobo
 39407 | Depths:3 | Found a runed door.
 39513 | Depths:3 | Was placed under penance by the Shining One
 39608 | Depths:3 | Noticed an ancient lich
 39620 | Depths:3 | Killed an ancient lich
 39620 | Depths:3 | Was forgiven by the Shining One
 39676 | Depths:3 | Got a jewelled helmet
 39686 | Depths:3 | Identified the +2 helmet of the Thistle {rC+} (You found it
                  | on level 3 of the Depths)
 40410 | Depths:4 | Paralysed by a vampire knight for 5 turns
 40865 | Depths:4 | Found a shadowy altar of Dithmenos.
 40902 | Depths:4 | Reached skill level 21 in Maces & Flails
 40912 | Depths:4 | Reached XP level 22. HP: 128/147 MP: 31/31
 40926 | Depths:4 | Found a gateway to a ziggurat.
 40935 | Zig:1    | Entered Level 1 of a ziggurat
 40967 | Zig:2    | Entered Level 2 of a ziggurat
 41113 | Zig:2    | Reached XP level 23. HP: 152/152 MP: 32/32
 41127 | Zig:3    | Entered Level 3 of a ziggurat
 41161 | Zig:4    | Entered Level 4 of a ziggurat
 41164 | Zig:4    | Noticed Zase the pandemonium lord
 41173 | Zig:4    | Killed Zase the pandemonium lord
 41185 | Zig:4    | Killed from afar by a Hell Sentinel

Levels and vault maps discovered:
D:1:      roderic_octagonal_star, layout_loops_corners, minmay_heptomino_l4
D:2:      layout_basic, first_ration
D:3:      layout_basic, tgw_kikubaaqudgha
D:4:      layout_basic, chequers_serial_rivers_small_3
D:5:      layout_rooms, grunt_temple_overflow_open,
          minmay_misc_feat_more_columns, uniq_sigmund
D:6:      layout_loops_ring, kennysheep_mini_moat, fountainhead
D:7:      minmay_the_grid_triangle_9x9_rhombus_full
          [minmay_the_grid_triangle_9x9_minimal,
          minmay_the_grid_triangle_9x9_shrine,
          minmay_the_grid_triangle_9x9_cache,
          minmay_the_grid_triangle_9x9_limited_checkers,
          minmay_the_grid_triangle_9x9_intruding_spiral,
          minmay_the_grid_triangle_9x9_corruption,
          minmay_the_grid_triangle_9x9_tough_junction,
          minmay_the_grid_triangle_9x9_prize_top_heavy], layout_gridville,
          minmay_temple_entry_junction, uniq_duvessa, uniq_menkaure
D:8:      layout_basic
D:9:      layout_roguey, lemuel_statue_altar
D:10:     layout_loops_ring, erik_lair_dragon, basic_altar
D:11:     layout_loops_corners, hangedman_incinerator, uniq_erica
D:12:     layout_loops_ring, david_orc_2, nicolae_trove_entry_crossroad,
          grunt_ogre_cave, hangedman_parallel_progression
D:13:     layout_loops_ring, chequers_serial_rivers_small_a,
          minmay_misc_feat_iff
D:14:     layout_cave_pools, david_vaults_5, nicolae_twisting_strands,
          serial_shops, nicolae_shop_trees
D:15:     grunt_enter_depths_snipers, layout_loops_ring, chequers_garden,
          uniq_azrael
Temple:   eino_temple_rhombus
Lair:1:   layout_hall_layers, grunt_megastairs_2, uniq_sonja
Lair:2:   layout_cave_pods, minmay_swamp_entry_wisps, serial_bayou_crossing
Lair:3:   layout_cave_pods, minmay_snake_entry_six_corridors,
          chequers_serial_rivers_large_a, uniq_fannar
Lair:4:   layout_loops_ring, uniq_snorg
Lair:5:   layout_gridlike, slime_altar_1, gauntlet_entry_generic,
          portal_ice_cave_entry_ice_beasts, uniq_josephine
Lair:6:   cheibrodos_lair_end_hotspot, layout_big_grid,
          minmay_lair_oklob_chamber
Swamp:1:  layout_falls_marsh, nicolae_swamp_very_dense_foliage, swamp_pool4
Swamp:2:  gammafunk_the_bubble [the_bubble_gammafunk_split], layout_basic_swamp,
          hangedman_swamp_blocks, swamp_pool1,
          nicolae_swamp_oklob_treasure_island
Swamp:3:  layout_basic_swamp, evilmike_swamp_ruin_house_3, uniq_bai_suzhen
Swamp:4:  swamp_basic_johnstein, layout_basic_swamp
Snake:1:  layout_onion_interference, drop_trap, nicolae_snake_single_loop,
          grunt_ministairs_3, nicolae_snake_serpentine_hallways,
          minmay_snake_pond
Snake:2:  layout_cave_town, nicolae_snake_horde_hoard
Snake:3:  layout_cave_town, hangedman_snake_pattern,
          nrook_guardian_serpent_ordinary
Snake:4:  snake_pit, layout_grid_maze, minmay_shoptagon, uniq_roxanne,
          uniq_asterion
Orc:1:    layout_caves, serial_shops
Orc:2:    pf_orc_diabolical, layout_diamond_mine, trog_book, uniq_maurice,
          uniq_donald
Elf:1:    layout_loops_cross, minmay_elf_annihilation, uniq_louise
Depths:1: layout_cave_pools, chequers_serial_rivers_micro_b, hell_entry,
          nicolae_blasting_shop
Depths:2: gammafunk_sealed_arena, layout_cave_pools, pf_coc_iceberg,
          serial_shops, nicolae_shop_behind_doors, minmay_misc_feat_square
Depths:3: evilmike_wizard_prison, layout_cave_pools, rand_demon_pan_entry_9,
          lightli_too_deep, minmay_misc_feat_diagonals, serial_bayou_shore_b,
          uniq_sojobo
Depths:4: lemuel_castle_with_subvaults [lemuel_castle_interior_original],
          layout_gridlike, enter_ziggurat_e, hell_entry,
          abyss_entry_small_statue_room, fountainhead, grunt_pan_entry_zigzag,
          kennysheep_flooded_box, drop_trap, chequers_serial_rivers_small_b,
          kennysheep_generic_room_4, infiniplex_staircase_zigzag_2
Zig:4

Skill      XL: |  1  2  3  4  5  6  7  8  9 10 11 12 13 14 15 16 17 18 19 20 21 22 |
---------------+-------------------------------------------------------------------+-----
Dodging        | 3 4 5 6 7 8 9 10 11 12 13 | 13.8
Armour         | 1 2 3 4 5 6 7 8 9 10 11 12 13 14 15 16 17 | 17.1
Maces & Flails | 4 5 6 7 9 11 12 13 14 15 16 17 18 20 21 | 21.1
Fighting       | 3 4 6 7 8 9 10 12 13 15 16 17 18 | 18.1
Invocations    | 4 6 7 9 10 12 13 | 13.0
Evocations     | 3 5 6 8 |  8.3
Throwing       | |  1.8

Action                   |  1- 3 |  4- 6 |  7- 9 | 10-12 | 13-15 | 16-18 | 19-21 | 22-24 || total
-------------------------+-------+-------+-------+-------+-------+-------+-------+-------++-------
Melee: Flail             |   111 |   254 |   539 |   141 |       |       |       |       ||  1045
       Morningstar       |       |       |       |   696 |   465 |       |       |       ||  1161
       Dire flail        |       |       |       |       |   708 |  2073 |   209 |       ||  2990
       Great mace        |       |       |       |       |       |       |  1144 |    48 ||  1192
Invok: Divine Shield     |       |       |       |       |     1 |     7 |     2 |       ||    10
       Cleansing Flame   |       |       |       |       |       |    15 |     1 |       ||    16
       Summon Divine War |       |       |       |       |       |     4 |     2 |       ||     6
 Abil: Fly               |       |       |       |       |     1 |       |       |       ||     1
Evoke: Wand              |       |       |     2 |       |    10 |     6 |       |       ||    18
  Use: Scroll            |       |     6 |     8 |     5 |    15 |    15 |    17 |       ||    66
       Potion            |       |       |     3 |     2 |     5 |     2 |    11 |     4 ||    27
 Stab: Sleeping          |     1 |       |       |       |       |       |       |       ||     1
  Eat: Chunk             |     3 |     5 |    12 |    25 |    18 |    35 |    29 |     2 ||   129
       Ration            |       |       |       |       |     1 |     1 |     3 |       ||     5
Armor: Leather armour    |    31 |       |       |       |       |       |       |       ||    31
       Plate armour      |    11 |   201 |   387 |   584 |   835 |   289 |       |       ||  2307
       Storm dragon scal |       |       |       |       |       |  1046 |  1103 |    27 ||  2176
Dodge: Dodged            |    80 |    96 |   181 |   389 |   553 |  1310 |  1138 |    38 ||  3785
       Deflected         |       |       |       |       |    15 |    86 |   132 |     1 ||   234
Block: Other             |       |       |       |       |     5 |   108 |    30 |       ||   143
